 Dungeon Crawl Stone Soup version 0.29.0-5-ge4962eb29e (webtiles) character file.

Game seed: 9635690844097417652

632 Zeldest the Trooper (level 7, -4/61 HPs)
             Began as a Ghoul Fighter on Aug 29, 2022.
             Slain by a steam dragon (5 damage)
             ... on level 6 of the Dungeon.
             The game lasted 00:02:42 (3509 turns).

Zeldest the Trooper (Ghoul Fighter)                 Turns: 3509, Time: 00:02:42

Health: -4/61      AC: 11    Str: 22    XL:     7   Next: 49%
Magic:  6/6        EV:  9    Int:  3    God:
Gold:   198        SH:  4    Dex:  8    Spells: 6/6 levels left

rFire   . . .      SeeInvis .   a - +0 war axe
rCold   + . .      Faith    .   c - +0 buckler
rNeg    + + +      Spirit   .   b - +0 scale mail
rPois   ∞          Reflect  .   (no helmet)
rElec   .          Harm     .   (no cloak)
rCorr   .          Rampage  .   (no gloves)
Will    .....                   (no boots)
Stlth   ..........              (no amulet)
HPRegen 0.00/turn               f - +4 ring of protection
MPRegen 0.10/turn               (no ring)

@: inhibited regen
A: claws 1, cold resistance 1, negative energy resistance 3, inhibited
regeneration, torment resistance 2, devour on kill
a: no special abilities


You were on level 6 of the Dungeon.
You visited 1 branch of the dungeon, and saw 6 of its levels.

You collected 234 gold pieces.
You spent 36 gold pieces at shops.

Inventory:

Hand Weapons
 a - a +0 war axe (weapon)
Armour
 b - a +0 scale mail (worn)
 c - a +0 buckler (worn)
Jewellery
 f - a +4 ring of protection (left claw)
Scrolls
 e - 7 scrolls of identify {unknown}
 g - 2 scrolls of acquirement {unknown}
 h - a scroll of fear {unknown}
 i - a scroll of brand weapon {unknown}
 j - 2 scrolls of teleportation
 k - a scroll of blinking {unknown}
 l - a scroll of poison {unknown}
 m - a scroll of vulnerability {unknown}
 n - 2 scrolls of enchant armour {unknown}
 o - 2 scrolls of magic mapping {unknown}
 r - a scroll of noise {unknown}
 t - a scroll of torment {unknown}
 u - a scroll of butterflies {unknown}
Potions
 d - 2 potions of might
 p - 2 potions of mutation {unknown}
 q - a potion of curing {unknown}
 s - a potion of heal wounds {unknown}


   Skills:
 + Level 5.0 Fighting
 * Level 4.8 Axes
 + Level 4.1 Armour
 + Level 4.1 Shields


You had 6 spell levels left.
You didn't know any spells.
Your spell library contained the following spells:

 Spells                   Type           Power      Damage    Failure   Level
 Static Discharge         Conj/Air       0%         3-3/arc   97%         2
 Inner Flame              Hex/Fire       0%         N/A       99%         3
 Cause Fear               Hex            0%         N/A       100%        4
 Lightning Bolt           Conj/Air       0%         1d11      100%        5
 Discord                  Hex            0%         N/A       100%        8
 Maxwell's Capacitive Co  Air            0%         ∞         100%        8


Dungeon Overview and Level Annotations

Branches:
Dungeon (6/15)
 Temple: D:4-7

Altars:
Cheibriados

Shops:
D:2 (?*:   D:3 ?

Portals:
Abyss: D:4

Annotations:
D:3 3 runed translucent doors, Balder's ghost, amateur KoBe; Kordrann's ghost, amateur MiFi; Ofeo's ghost, amateur BaTm; themarg's ghost, amateur GnWn
D:4 2 transporters, tizbic2's ghost, amateur VSHu


Innate Abilities, Weirdness & Mutations

You are immune to poison.
You have sharp fingernails.
Your flesh is cold resistant. (rC+)
You are immune to negative energy. (rN+++)
You do not regenerate when monsters are visible.
You are immune to unholy pain and torment.
You thrive by killing the living.


Message History

You're standing in a cloud of steam!
You are too injured to fight recklessly!
You are engulfed in a cloud of scalding steam.
Found a scroll labelled QIUDOF JAOF.
You slash the steam dragon!
The steam dragon is heavily wounded.
The steam dragon barely misses you. The steam dragon claws you.
You aren't carrying any items that you can evoke.
Unknown command.
You slash the steam dragon!
The steam dragon is severely wounded.
You block the steam dragon's attack. The steam dragon closely misses you.
The steam dragon barely misses you. The steam dragon closely misses you.
You closely miss the steam dragon.
The steam dragon is severely wounded.
The steam dragon barely misses you.
The steam dragon claws you but does no damage.
You hit the steam dragon.
The steam dragon is severely wounded.
The steam dragon bites you but does no damage.
The steam dragon claws you but does no damage.
You completely miss the steam dragon.
The steam dragon is severely wounded.
You block the steam dragon's attack.
The steam dragon claws you but does no damage.
The steam dragon bites you but does no damage.
You block the steam dragon's attack.
You barely miss the steam dragon.
The steam dragon is severely wounded.
The steam dragon bites you. The steam dragon barely misses you.
You barely miss the steam dragon.
The steam dragon is severely wounded.
You block the steam dragon's attack. The steam dragon misses you.
You hit the steam dragon.
The steam dragon is almost dead.
The steam dragon breathes steam at you. The ball of steam hits you!!
* * * LOW HITPOINT WARNING * * *
The steam dragon bites you.
You die...

...# #.# ###..#
#.# ....# #.#
#..# #.#
#.####..####.####
.?..............#
#.#####.####.##.#
.......§####.##.#
.......@D>#..##.#
..##..#.#.#..##.#
.............#.#
..##..#.......#.#
. ...........#.#
###........##.#
..........##.#
.........#.##.#
#.#..##..#.##.#


You could see a steam dragon (catching breath).

Vanquished Creatures
  A black bear (D:6)
  2 scorpions
  2 necrophages (D:5)
  3 hounds (D:4)
  2 iguanas (D:5)
  An orc wizard (D:5)
  4 adders
  A shadow imp (D:5)
  An ufetubus (D:5)
  3 worms
  2 dart slugs (D:3)
  2 orcs (D:5)
  7 bats
  3 endoplasms
  5 giant cockroaches
  8 goblins
  7 hobgoblins
  4 jackals (D:3)
  6 kobolds
  5 quokkas
  9 ball pythons
  5 frilled lizards
  A rat (D:3)
84 creatures vanquished.

Vanquished Creatures (others)
  A withered plant (D:3)
1 creature vanquished.

Grand Total: 85 creatures vanquished

Notes
Turn   | Place    | Note
-------+----------+-------------------------------------------
     0 | D:1      | Zeldest the Ghoul Fighter began the quest for the Orb.
     0 | D:1      | Reached XP level 1. HP: 19/19 MP: 0/0
   239 | D:1      | Reached XP level 2. HP: 26/26 MP: 1/1
   857 | D:2      | Reached XP level 3. HP: 31/31 MP: 2/2
   913 | D:2      | Found Qeosaamu's General Store.
   922 | D:2      | Bought a scroll of teleportation for 36 gold pieces
   928 | D:2      | Found Lujib's Magic Scroll Emporium.
   939 | D:2      | Found Akhu's Weapon Shop.
  1212 | D:2      | Found a snail-covered altar of Cheibriados.
  1230 | D:2      | Found Runeurav's Book Boutique.
  1474 | D:3      | Reached XP level 4. HP: 38/40 MP: 3/3
  1546 | D:3      | Identified the +1 leather armour of the Four Cursing Bones
                  | {Harm}
  1754 | D:3      | Found a runed translucent gate.
  1754 | D:3      | Noticed Ofeo's ghost (amateur BaTm)
  1755 | D:3      | Found a runed translucent gate.
  1755 | D:3      | Noticed Kordrann's ghost (amateur MiFi)
  1756 | D:3      | Found a runed translucent gate.
  1756 | D:3      | Noticed themarg's ghost (amateur GnWn)
  1757 | D:3      | Noticed Balder's ghost (amateur KoBe)
  1801 | D:3      | Found Zaimipiy's Magic Scroll Shop.
  2162 | D:4      | Found a transporter.
  2176 | D:4      | Noticed a scorpion
  2189 | D:4      | Killed a scorpion
  2190 | D:4      | Reached skill level 4 in Fighting
  2190 | D:4      | Reached XP level 5. HP: 40/46 MP: 4/4
  2202 | D:4      | Noticed a kobold brigand
  2205 | D:4      | Found a one-way gate to the infinite horrors of the Abyss.
  2205 | D:4      | Noticed tizbic2's ghost (amateur VSHu)
  2218 | D:4      | Noticed a small abomination
  2307 | D:4      | Reached XP level 6. HP: 50/52 MP: 5/5
  2330 | D:4      | Found a transporter.
  2461 | D:4      | Noticed a small abomination
  2546 | D:5      | Entered Level 5 of the Dungeon
  2966 | D:5      | Reached XP level 7. HP: 60/60 MP: 6/6
  3453 | D:6      | Reached skill level 5 in Fighting
  3488 | D:6      | Noticed a steam dragon
  3508 | D:6      | HP: 1/61 [steam dragon/ball of steam (23)]
  3509 | D:6      | Slain by a steam dragon

Illustrated notes

Levels and vault maps discovered:
D:1:      minmay_arrival_four_loops, layout_basic
D:2:      layout_basic, basic_altar, serial_shops, shop, shop,
          nicolae_diamond_shop, nicolae_shop_bloodbath_and_beyond, minivault_11,
          minivault_4
D:3:      layout_basic, zin_treasury, gammafunk_ghost_cemetery, serial_shops,
          shop
D:4:      layout_rooms, gammafunk_ghost_abyssal_escape
D:5:      layout_gridville, minmay_misc_feat_encased, st_stairs_6,
          nicolae_figureground_pulse
D:6:      kennysheep_six_static_rooms, layout_basic,
          minmay_temple_entry_statues_fountains, nicolae_ossuary_entry_plus,
          centaur_isle, uniq_menkaure, uniq_prince_ribbit1

Skill      XL: |  1  2  3  4  5  6  7 |
---------------+----------------------+-----
Axes           | 2 3 4 |  4.8
Armour         | 3 4 |  4.1
Shields        | 3 4 |  4.1
Fighting       | 4 5 |  5.0

Action                   |  1- 3 |  4- 6 |  7- 9 || total
-------------------------+-------+-------+-------++-------
Melee: War axe           |   112 |   142 |    35 ||   289
Armor: Scale mail        |    64 |   104 |    21 ||   189
Dodge: Dodged            |    55 |    84 |    25 ||   164
Block: Buckler           |    28 |    31 |     7 ||    66
